 Dungeon Crawl Stone Soup version 0.19-b1-5-gdc9fa9d (webtiles) character file.

452 Dunking the Chucker (level 7, 0/70 HPs)
             Began as an Ogre Hunter on Oct 31, 2016.
             Slain by a phantom (7 damage)
             ... on level 4 of the Dungeon.
             The game lasted 00:09:37 (3924 turns).

Dunking the Chucker (Ogre Hunter)                   Turns: 3924, Time: 00:09:38

Health: 0/70       AC:  4    Str: 20    XL:     7   Next: 5%
Magic:  11/11      EV: 10    Int: 10    God:
Gold:   200        SH:  0    Dex: 10    Spells: 1 memorised, 11 levels left

rFire  . . .     SeeInvis .     b - +1 mace (venom)
rCold  . . .     Gourm    .     t - +0 robe
rNeg   . . .     Faith    .     (no shield)
rPois  .         Spirit   .     (helmet restricted)
rElec  .         Reflect  .     I - +0 cloak
rCorr  .         Harm     .     (gloves unavailable)
MR     +....                    (boots unavailable)
Stlth  ++........               (no amulet)
                                (no ring)
                                u - ring of protection from magic

@: no status effects
A: unfitting armour, tough skin 1
a: no special abilities


You were on level 4 of the Dungeon.
You were not hungry.

You visited 1 branch of the dungeon, and saw 4 of its levels.

You collected 200 gold pieces.

Inventory:

Hand Weapons
 a - a +1 dagger of draining
 b - a +1 mace of venom (weapon)
Missiles
 c - 2 large rocks
 d - 2 throwing nets
 g - 222 stones (quivered)
 y - 7 poisoned needles
Armour
 t - a +0 robe (worn)
 I - a +0 cloak (worn)
Jewellery
 n - an uncursed ring of flight
 u - a ring of protection from magic (left hand)
Wands
 H - a wand of confusion (28/48)
Scrolls
 e - a scroll of enchant weapon {unknown}
 i - 5 scrolls of remove curse {unknown}
 k - 2 scrolls of amnesia {unknown}
 m - 4 scrolls of teleportation {unknown}
 o - 2 scrolls of recharging {unknown}
 q - 5 scrolls of identify {unknown}
 s - a scroll of noise {unknown}
 v - 2 scrolls of fear {unknown}
 z - a scroll of enchant armour {unknown}
 F - a scroll of magic mapping {unknown}
Potions
 h - 3 potions of agility {unknown}
 l - 2 potions of brilliance {unknown}
 p - 2 potions of curing {unknown}
 r - a potion of cure mutation {unknown}
 x - 2 potions of resistance {unknown}
 A - 2 potions of heal wounds {unknown}
 B - a potion of ambrosia {unknown}
 E - a potion of cancellation {unknown}
Books
 C - a book of Misfortune

   Spells                             Type                      Level
   a - Confusing Touch                Hexes                        1
   b - Confuse                        Hexes                        3
   c - Gell's Gravitas                Hexes/Translocation          3
   d - Petrify                        Transmutation/Earth          4
   e - Metabolic Englaciation         Hexes/Ice                    5
   f - Yara's Violent Unravelling     Hexes/Transmutation          5
Comestibles
 f - 4 bread rations
 j - 3 beef jerkies
 w - a royal jelly
 D - 4 fruits


   Skills:
 + Level 4.2 Fighting
 + Level 3.1 Maces & Flails
 * Level 5.5 Throwing
 - Level 2.0 Dodging
 - Level 2.1 Stealth
 + Level 3.1 Spellcasting
 + Level 1.2 Hexes


You had 11 spell levels left.
You knew the following spells:

 Your Spells              Type           Power        Failure   Level  Hunger
a - Confusing Touch       Hex            #.....       17%         1    #......


Dungeon Overview and Level Annotations

Branches:
Dungeon (4/15)
 Temple: D:4-7

Altars:
Xom


Innate Abilities, Weirdness & Mutations

You are too large for most types of armour.
You have tough skin. (AC +1)


Message History

The phantom blinks!
The phantom barely misses you.
You hit the phantom.
The phantom is lightly damaged.
The phantom hits you.
* * * LOW HITPOINT WARNING * * *
You hit the phantom but do no damage.
The phantom is lightly damaged.
The phantom barely misses you.
You sock the phantom!
The phantom is moderately damaged.
The phantom hits you.
* * * LOW HITPOINT WARNING * * *
You hit the phantom.
The phantom is heavily damaged.
The phantom hits you!
* * * LOW HITPOINT WARNING * * *
You barely miss the phantom.
The phantom is heavily damaged.
The phantom hits you!
You die...

#######..
####........
#...>.......
#.....####..
#######.....# #..
#...........# #..
#.###############.
#W# ##.....(. ##
#@# ##........ #.#
##.........
#(###........(.
#.##...†...=§..
#.#..........(.
#(#.......####.
#W#......##
#.'..WW..#
#('......#


You could see 2 phantoms.

Vanquished Creatures
  A scorpion (D:4)
  4 crimson imps (D:4)
  A centaur skeleton (D:4)
  Jessica (D:2)
  Ijyb (D:2)
  2 worker ants (D:4)
  3 adders (D:2)
  3 worms
  2 dart slugs
  6 leopard geckos
  3 orcs
  9 giant cockroaches
  12 goblins
  6 hobgoblins
  2 jackals (D:4)
  A quokka (D:4)
  2 ball pythons
  12 bats
  7 frilled lizards
  10 kobolds
  A leopard gecko skeleton (D:4)
  7 rats
96 creatures vanquished.

Notes
Turn   | Place    | Note
-------+----------+-------------------------------------------
     0 | D:1      | Dunking the Ogre Hunter began the quest for the Orb.
     0 | D:1      | Reached XP level 1. HP: 22/22 MP: 1/1
   422 | D:1      | Reached XP level 2. HP: 29/29 MP: 1/3
   482 | D:1      | Reached skill level 1 in Spellcasting
   616 | D:1      | Reached skill level 1 in Stealth
  1000 | D:1      | Reached XP level 3. HP: 37/37 MP: 4/4
  1550 | D:2      | Noticed Ijyb
  1556 | D:2      | Killed Ijyb
  1556 | D:2      | Reached XP level 4. HP: 39/45 MP: 4/6
  1633 | D:2      | Noticed Jessica
  1645 | D:2      | Killed Jessica
  1699 | D:2      | Reached skill level 1 in Maces & Flails
  1813 | D:2      | Reached XP level 5. HP: 50/53 MP: 8/8
  2892 | D:3      | Learned a level 1 spell: Confusing Touch
  3245 | D:4      | Found a shimmering altar of Xom.
  3280 | D:4      | Reached skill level 5 in Throwing
  3280 | D:4      | Reached XP level 6. HP: 53/62 MP: 9/9
  3612 | D:4      | Reached skill level 1 in Hexes
  3867 | D:4      | Noticed a phantom
  3879 | D:4      | Noticed a phantom
  3889 | D:4      | Reached XP level 7. HP: 53/70 MP: 11/11
  3924 | D:4      | Slain by a phantom

Skill      XL: |  1  2  3  4  5  6 |
---------------+-------------------+-----
Dodging        | 2 |  2.0
Spellcasting   | 1 2 3 |  3.1
Stealth        | 1 2 |  2.1
Fighting       | 3 4 |  4.2
Maces & Flails | 1 2 3 |  3.1
Throwing       | 5 |  5.5
Hexes          | 1 |  1.2

Action                   |  1- 3 |  4- 6 |  7- 9 || total
-------------------------+-------+-------+-------++-------
Melee: Short sword       |    97 |       |       ||    97
       Dagger            |    16 |    89 |       ||   105
       Mace              |       |    87 |    12 ||    99
Throw: Stone             |    37 |    31 |     5 ||    73
       Large rock        |     5 |    10 |       ||    15
 Stab: Sleeping          |     5 |       |       ||     5
  Eat: Chunk             |     2 |     4 |       ||     6
       Meat ration       |       |     1 |       ||     1
Armor: Robe              |    56 |    44 |       ||   100
Dodge: Dodged            |    98 |   101 |     7 ||   206
